 Dungeon Crawl Stone Soup version 0.23-a0-296-ga3b1b28 (webtiles) character file.

56 iamserjio the Chucker (level 3, -3/19 HPs)
             Began as a Vine Stalker Hunter on Oct 5, 2018.
             Killed from afar by an orc wizard (5 damage)
             ... with a magic dart
             ... on level 3 of the Dungeon.
             The game lasted 00:04:15 (622 turns).

iamserjio the Chucker (Vine Stalker Hunter)          Turns: 622, Time: 00:04:16

Health: -3/19      AC:  5    Str: 14    XL:     3   Next: 97%
Magic:  0/4        EV: 11    Int: 12    God:
Gold:   31         SH:  0    Dex: 14    Spells: 2/2 levels left

rFire    . . .     SeeInvis .   y - +2 dagger (venom)
rCold    . . .     Gourm    .   (no shield)
rNeg     . . .     Faith    .   q - +0 ring mail
rPois    .         Spirit   +   (no helmet)
rElec    .         Reflect  .   (no cloak)
rCorr    .         Harm     .   (no gloves)
MR       .....                  (no boots)
Stlth    +.........             (no amulet)
HPRegen  0.06/turn              (no ring)
MPRegen  0.09/turn              (no ring)

@: flying, slowed, very slow
A: fangs 2, magic shield, antimagic bite, no potion heal 3, rot immunity
a: no special abilities


You were on level 3 of the Dungeon.
You were not hungry.

You visited 1 branch of the dungeon, and saw 3 of its levels.

You collected 31 gold pieces.

Inventory:

Hand Weapons
 a - a +0 short sword
 k - a +3 spear
 u - a +2 long sword of protection
 w - a +1 hunting sling of freezing
 y - a +2 dagger of venom (weapon)
Missiles
 c - 6 javelins (quivered)
 d - 2 throwing nets {!f}
 x - 22 stones
Armour
 b - a +0 leather armour
 q - a +0 ring mail (worn)
 s - a +0 scale mail
Jewellery
 g - an uncursed ring of fire {unknown}
 h - a cursed -2 ring of intelligence {unknown}
Scrolls
 e - a scroll of teleportation {unknown}
 i - 2 scrolls of remove curse {unknown}
 j - 2 scrolls of identify {unknown}
 n - 2 scrolls of noise {unknown}
 t - 3 scrolls of amnesia {unknown}
 v - a scroll of enchant weapon {unknown}
 z - a scroll of fear {unknown}
Potions
 l - a potion of might {unknown}
 m - a potion of berserk rage {unknown}
 o - a potion of flight
 r - a potion of degeneration {unknown}
Comestibles
 f - 4 rations
 p - 2 chunks of flesh


   Skills:
 + Level 2.5 Fighting
 - Level 3.6 Throwing
 - Level 1.5 Dodging
 - Level 1.2 Stealth
 * Level 2.7 Unarmed Combat


You had 2 spell levels left.
You didn't know any spells.
Your spell library was empty.

Dungeon Overview and Level Annotations

Branches:
Dungeon (3/15)

Altars:


Innate Abilities, Weirdness & Mutations

You have extremely sharp teeth.
When hurt, damage is shared between your health and your magic reserves.
Your bite disrupts and absorbs the magic of your enemies.
Potions cannot restore your health.
You are immune to rotting.


Message History

Okay, then.
It was a potion of flight.
You feel very buoyant.
You fly up into the air.
The orc wizard casts a spell.
The orc wizard blinks!
The orc wizard hits you but does no damage.
The orc hits you with a club.
* * * LOW HITPOINT WARNING * * *
The orc wizard barely misses you.
It was a potion of heal wounds.
That seemed strangely inert.
The orc wizard barely misses you. x2; The orc misses you.
The orc wizard hits you but does no damage.
Okay, then.
Your ring mail prevents you from hitting the orc wizard.
The orc wizard barely misses you. The orc hits you but does no damage.
The orc wizard barely misses you. The orc hits you with a club.
The orc wizard casts a spell at you. The magic dart hits you!
You die...

#....... #......
#...... .....# ....#
.o. #o# #@# #o# #.#
.# #.########.####
#####.......)....)..
#......>............
#...................
#...................
#...................


You could see an orc wizard and 2 orcs.

Vanquished Creatures
  An adder (D:2)
  A worm (D:2)
  2 dart slugs (D:1)
  A leopard gecko (D:1)
  2 orcs (D:3)
  3 bats
  3 giant cockroaches
  4 goblins
  4 hobgoblins
  3 jackals (D:3)
  A quokka (D:3)
  A ball python (D:3)
  A frilled lizard (D:1)
  3 kobolds
  5 rats
35 creatures vanquished.

Notes
Turn   | Place    | Note
-------+----------+-------------------------------------------
     0 | D:1      | iamserjio the Vine Stalker Hunter began the quest for the
                  | Orb.
     0 | D:1      | Reached XP level 1. HP: 11/11 MP: 2/2
   149 | D:1      | Reached skill level 1 in Unarmed Combat
   151 | D:1      | Reached XP level 2. HP: 5/15 MP: 1/3
   441 | D:2      | Reached XP level 3. HP: 9/18 MP: 2/4
   622 | D:3      | Killed from afar by an orc wizard

Vault maps used:
D:1:      kilobyte_arrival_exit_the_forest

Skill      XL: |  1  2 |
---------------+-------+-----
Unarmed Combat | 1 2 |  2.7
Fighting       | 2 |  2.5
Throwing       | |  3.6
Dodging        | |  1.5
Stealth        | |  1.2

Action                   || total
-------------------------++-------
Melee: Short sword       ||    32
       Bite              ||    17
       Spear             ||    71
       Dagger            ||     5
Throw: Javelin           ||     2
  Use: Potion            ||     2
Armor: Leather armour    ||    21
       Ring mail         ||    17
Dodge: Dodged            ||    68

Table legend:
 A = Non-vault XP
 B = Vault XP
 C = Vault XP percentage of total XP
 D = Non-vault monster count
 E = Vault monster count
 F = Vault count percentage of total count
                 A         B        C        D         E       F
            +---------+---------+-------+---------+---------+-------
      Total |      81 |       0 |   0.0 |      35 |       0 |   0.0
            +---------+---------+-------+---------+---------+-------
        D:1 |      25 |       0 |   0.0 |      12 |       0 |   0.0
        D:2 |      27 |       0 |   0.0 |       8 |       0 |   0.0
        D:3 |      29 |       0 |   0.0 |      15 |       0 |   0.0
            +---------+---------+-------+---------+---------+-------
